SL
THUNDER BAY NORTHERN LIONS BC @ NORTHERN VIRGINIA RETRIEVERS
08/18/2026
 
TOP OF THE 1ST
Thunder Bay Northern Lions BC batting - Pitching for Northern Virginia Retrievers : LHP Raúl Gómez
Pitching: LHP Raúl Gómez
Batting: LHB Chris Gregory 0-0: Foul Ball, location: 2F
0-1: Ball
1-1: Ball
2-1: SINGLE (Line Drive, 6MD)
Batting: RHB Keith Fish 0-0: Ball
1-0: Called Strike
Chris Gregory steals 2nd base
1-1: Ball
2-1: Ball
3-1: Swinging Strike
3-2: DOUBLE (Line Drive, 7LM)
Chris Gregory scores
Batting: LHB David Smith 0-0: Ball
1-0: 2-RUN HOME RUN (Flyball, 89XD), Distance : 415 ft
Batting: RHB Wilfred McLaughlin 0-0: Ball
1-0: Ball
2-0: Called Strike
2-1: Ball
3-1: Fly out, F7 (Flyball, 78D)
Batting: LHB John Brewer 0-0: Called Strike
0-1: Swinging Strike
0-2: Foul Ball, location: 2F
0-2: Foul Ball, location: 2F
0-2: Ball
1-2: Ball
2-2: Ball
3-2: Strikes out swinging
Batting: RHB Henry Womack 0-0: Ball
1-0: Foul Ball, location: 2F
1-1: Swinging Strike
1-2: Strikes out swinging
Top of the 1st over - 3 run(s), 3 hit(s), 0 error(s), 0 left on base; Thunder Bay 3 - Northern Virginia 0
BOTTOM OF THE 1ST
Northern Virginia Retrievers batting - Pitching for Thunder Bay Northern Lions BC : RHP Mauro Guerra
Pitching: RHP Mauro Guerra
Batting: LHB Munemori Ohara 0-0: Ball
1-0: Called Strike
1-1: Ball
2-1: Ball
3-1: Fly out, F8 (Flyball, 8LD)
Batting: LHB Marlon Randall 0-0: Ball
1-0: Ball
2-0: Ball
3-0: Base on Balls
Batting: RHB Brett Callison 0-0: Called Strike
0-1: Ball
1-1: Called Strike
1-2: Ball
2-2: Foul Ball, location: 2F
2-2: Ball
3-2: Base on Balls
Marlon Randall to second
Batting: LHB Roberto Sánchez 0-0: Ball
1-0: Foul Ball, location: 2F
1-1: Grounds into double play, 4-6-3 (Groundball, 4D)
Bottom of the 1st over - 0 run(s), 0 hit(s), 0 error(s), 1 left on base; Thunder Bay 3 - Northern Virginia 0
TOP OF THE 2ND
Thunder Bay Northern Lions BC batting - Pitching for Northern Virginia Retrievers : LHP Raúl Gómez
Batting: RHB Sean MacKnight 0-0: Called Strike
0-1: SINGLE (Groundball, 56D)
Batting: RHB Kenzaburo Hori 0-0: Foul Ball, location: 2F
0-1: Foul Ball, location: 2F
0-2: Foul Ball, location: 2F
0-2: Ball
1-2: Foul Ball, location: 2F
1-2: Ball
2-2: Fly out, F9 (Flyball, 9)
Batting: SHB Arnold Griffith 0-0: Foul Ball, location: 2F
0-1: SINGLE (Groundball, 56D)
Sean MacKnight to second
Batting: LHB Chris Gregory 0-0: Fielders Choice at 2nd, 4-6 (Groundball, 4)
Sean MacKnight to third
Batting: RHB Keith Fish 0-0: Called Strike
0-1: Ball
1-1: Swinging Strike
1-2: Ball
2-2: DOUBLE (Line Drive, 7LM)
Sean MacKnight scores
Chris Gregory to third
Runner from 3rd tries for Home, SAFE, no throw
Batting: LHB David Smith 0-0: Ball
1-0: Ball
2-0: Ball
3-0: Base on Balls
Batting: RHB Wilfred McLaughlin 0-0: Ball
1-0: DOUBLE (Line Drive, 7LS)
Keith Fish scores
David Smith to third
Batting: LHB John Brewer 0-0: Ball
1-0: Ball
2-0: Ball
3-0: Called Strike
3-1: Base on Balls
Batting: RHB Henry Womack 0-0: Fielders Choice at 2nd, 4-6 (Groundball, 4D)
Top of the 2nd over - 3 run(s), 4 hit(s), 0 error(s), 2 left on base; Thunder Bay 6 - Northern Virginia 0
BOTTOM OF THE 2ND
Northern Virginia Retrievers batting - Pitching for Thunder Bay Northern Lions BC : RHP Mauro Guerra
Batting: LHB Francisco Ornelas 0-0: Ball
1-0: Ball
2-0: Ball
3-0: Base on Balls
Batting: RHB Alfredo Pizarro 0-0: Ball
1-0: Called Strike
1-1: Foul Ball, location: 2F
1-2: Grounds into double play, 5-4-3 (Groundball, 56)
Batting: RHB Ju-chan Pak 0-0: Ball
1-0: DOUBLE (Flyball, 8LD)
Batting: LHB Chris Etheridge 0-0: Called Strike
0-1: Ball
1-1: Fly out, F7 (Flyball, 7LS)
Bottom of the 2nd over - 0 run(s), 1 hit(s), 0 error(s), 1 left on base; Thunder Bay 6 - Northern Virginia 0
TOP OF THE 3RD
Thunder Bay Northern Lions BC batting - Pitching for Northern Virginia Retrievers : LHP Raúl Gómez
Batting: RHB Sean MacKnight 0-0: Called Strike
0-1: Swinging Strike
0-2: Ball
1-2: Foul Ball, location: 2F
1-2: Strikes out swinging
Batting: RHB Kenzaburo Hori 0-0: Called Strike
0-1: Fly out, F9 (Flyball, 9S)
Batting: SHB Arnold Griffith 0-0: Ball
1-0: SINGLE (Groundball, 6MD)
Batting: LHB Chris Gregory 0-0: Called Strike
0-1: Swinging Strike
0-2: Ball
1-2: Ball
2-2: Strikes out swinging
Top of the 3rd over - 0 run(s), 1 hit(s), 0 error(s), 1 left on base; Thunder Bay 6 - Northern Virginia 0
BOTTOM OF THE 3RD
Northern Virginia Retrievers batting - Pitching for Thunder Bay Northern Lions BC : RHP Mauro Guerra
Batting: RHB Miguel Cruz 0-0: Called Strike
0-1: Ground out 5-3 (Groundball, 56S)
Batting: LHB Munemori Ohara 0-0: Ball
1-0: SINGLE (Line Drive, 8RS)
Batting: LHB Marlon Randall 0-0: Ball
1-0: Fly out, F4 (Popup, 3D)
Batting: RHB Brett Callison 0-0: Ball
Munemori Ohara steals 2nd base
1-0: Called Strike
1-1: Foul Ball, location: 2F
1-2: Strikes out looking
Bottom of the 3rd over - 0 run(s), 1 hit(s), 0 error(s), 1 left on base; Thunder Bay 6 - Northern Virginia 0
TOP OF THE 4TH
Thunder Bay Northern Lions BC batting - Pitching for Northern Virginia Retrievers : LHP Raúl Gómez
Batting: RHB Keith Fish 0-0: Ball
1-0: Ball
2-0: Fly out, F7 (Flyball, 78M)
Batting: LHB David Smith 0-0: Called Strike
0-1: Ball
1-1: Ball
2-1: Called Strike
2-2: Foul Ball, location: 2F
2-2: SINGLE (Groundball, 34D)
Batting: RHB Wilfred McLaughlin 0-0: Ball
1-0: Ball
2-0: Foul Ball, location: 2F
2-1: Called Strike
2-2: SINGLE (Groundball, 56D)
David Smith to second
Batting: LHB John Brewer 0-0: Ball
1-0: Called Strike
1-1: Foul Ball, location: 2F
1-2: Ball
2-2: Foul Ball, location: 2F
2-2: Foul Ball, location: 2F
2-2: Fly out, F5 (Line Drive, 56)
Batting: RHB Henry Womack 0-0: Called Strike
0-1: Fly out, F6 (Line Drive, 6)
Top of the 4th over - 0 run(s), 2 hit(s), 0 error(s), 2 left on base; Thunder Bay 6 - Northern Virginia 0
BOTTOM OF THE 4TH
Northern Virginia Retrievers batting - Pitching for Thunder Bay Northern Lions BC : RHP Mauro Guerra
Batting: LHB Roberto Sánchez 0-0: Ground out 4-3 (Groundball, 34D)
Batting: LHB Francisco Ornelas 0-0: Ball
1-0: Fly out, F9 (Flyball, 9)
Batting: RHB Alfredo Pizarro 0-0: Ball
1-0: Foul Ball, location: 2F
1-1: SINGLE (Line Drive, 6M)
Batting: RHB Ju-chan Pak 0-0: Called Strike
0-1: Ball
1-1: Ball
2-1: Called Strike
2-2: Fly out, F9 (Flyball, 9LS)
Bottom of the 4th over - 0 run(s), 1 hit(s), 0 error(s), 1 left on base; Thunder Bay 6 - Northern Virginia 0
TOP OF THE 5TH
Thunder Bay Northern Lions BC batting - Pitching for Northern Virginia Retrievers : LHP Raúl Gómez
Pitching: LHP Ilie Paunescu
Batting: RHB Sean MacKnight 0-0: Ball
1-0: SINGLE (Groundball, 6MD)
Batting: RHB Kenzaburo Hori 0-0: Called Strike
0-1: Ball
1-1: Foul Ball, location: 2F
1-2: Fly out, F8 (Flyball, 8RS)
Batting: SHB Arnold Griffith 0-0: Ball
Wild Pitch!
Sean MacKnight to second
1-0: Ground out 6-3 (Groundball, 6D)
Batting: LHB Chris Gregory 0-0: Ball
1-0: Ball
2-0: Ball
3-0: Called Strike
3-1: Foul Ball, location: 2F
3-2: Foul Ball, location: 2F
3-2: Base on Balls
Batting: RHB Keith Fish 0-0: Ball
1-0: Foul Ball, location: 2F
1-1: Swinging Strike
1-2: Strikes out swinging
Top of the 5th over - 0 run(s), 1 hit(s), 0 error(s), 2 left on base; Thunder Bay 6 - Northern Virginia 0
BOTTOM OF THE 5TH
Northern Virginia Retrievers batting - Pitching for Thunder Bay Northern Lions BC : RHP Mauro Guerra
Batting: LHB Chris Etheridge 0-0: Ball
1-0: Foul Ball, location: 2F
1-1: Ball
2-1: Foul Ball, location: 2F
2-2: Foul Ball, location: 2F
2-2: Foul Ball, location: 2F
2-2: Foul Ball, location: 2F
2-2: Strikes out swinging
Batting: RHB Miguel Cruz 0-0: Ground out 6-3 (Groundball, 6)
Batting: LHB Munemori Ohara 0-0: Ball
1-0: Called Strike
1-1: Ball
2-1: Reached on error, E3 (Groundball, 3L)
Batting: LHB Marlon Randall 0-0: Called Strike
0-1: SINGLE (Groundball, 3S) (infield hit)
Munemori Ohara to second
Batting: RHB Brett Callison 0-0: Foul Ball, location: 2F
0-1: Fly out, F8 (Line Drive, 8LS)
Bottom of the 5th over - 0 run(s), 1 hit(s), 1 error(s), 2 left on base; Thunder Bay 6 - Northern Virginia 0
TOP OF THE 6TH
Thunder Bay Northern Lions BC batting - Pitching for Northern Virginia Retrievers : LHP Ilie Paunescu
Batting: LHB David Smith 0-0: Swinging Strike
0-1: Ball
1-1: Foul Ball, location: 2F
1-2: Ball
2-2: Fly out, F4 (Line Drive, 4)
Batting: RHB Wilfred McLaughlin 0-0: Called Strike
0-1: Ball
1-1: Foul Ball, location: 2F
1-2: Ball
2-2: Foul Ball, location: 2F
2-2: Ball
3-2: Base on Balls
Batting: LHB John Brewer 0-0: Foul Ball, location: 2F
0-1: Ball
1-1: Ball
Wilfred McLaughlin steals 2nd base
2-1: Swinging Strike
2-2: Strikes out swinging
Batting: RHB Henry Womack 0-0: Swinging Strike
0-1: Called Strike
0-2: Strikes out looking
Top of the 6th over - 0 run(s), 0 hit(s), 0 error(s), 1 left on base; Thunder Bay 6 - Northern Virginia 0
BOTTOM OF THE 6TH
Northern Virginia Retrievers batting - Pitching for Thunder Bay Northern Lions BC : RHP Mauro Guerra
Batting: LHB Roberto Sánchez 0-0: Called Strike
0-1: Ball
1-1: Fly out, F9 (Flyball, 9D)
Batting: LHB Francisco Ornelas 0-0: Ball
1-0: Ball
2-0: Ball
3-0: Called Strike
3-1: Foul Ball, location: 2F
3-2: Foul Ball, location: 2F
3-2: Base on Balls
Batting: RHB Alfredo Pizarro 0-0: Called Strike
0-1: Ball
1-1: Grounds into double play, 6-4-3 (Groundball, 6)
Bottom of the 6th over - 0 run(s), 0 hit(s), 0 error(s), 0 left on base; Thunder Bay 6 - Northern Virginia 0
TOP OF THE 7TH
Thunder Bay Northern Lions BC batting - Pitching for Northern Virginia Retrievers : LHP Ilie Paunescu
Pitching: RHP David Hudson
Batting: RHB Sean MacKnight 0-0: Ball
1-0: Called Strike
1-1: Foul Ball, location: 2F
1-2: Strikes out looking
Batting: RHB Kenzaburo Hori 0-0: Ball
1-0: Foul Ball, location: 2F
1-1: Foul Ball, location: 2F
1-2: Ball
2-2: Ball
3-2: SINGLE (Flyball, 7LS)
Batting: SHB Arnold Griffith 0-0: Foul Ball, location: 2F
0-1: Ball
1-1: Ball
2-1: Swinging Strike
2-2: Strikes out swinging
Batting: LHB Chris Gregory 0-0: Ball
1-0: Swinging Strike
1-1: Called Strike
1-2: Ball
2-2: Foul Ball, location: 2F
2-2: Ground out U3 (Groundball, 3)
Top of the 7th over - 0 run(s), 1 hit(s), 0 error(s), 1 left on base; Thunder Bay 6 - Northern Virginia 0
BOTTOM OF THE 7TH
Northern Virginia Retrievers batting - Pitching for Thunder Bay Northern Lions BC : RHP Mauro Guerra
Batting: RHB Ju-chan Pak 0-0: Ball
1-0: Called Strike
1-1: Ground out 6-3 (Groundball, 6)
Batting: LHB Chris Etheridge 0-0: Ground out 1-3 (Groundball, 15S)
Batting: RHB Miguel Cruz 0-0: Ball
1-0: Fly out, F5 (Line Drive, 56S)
Bottom of the 7th over - 0 run(s), 0 hit(s), 0 error(s), 0 left on base; Thunder Bay 6 - Northern Virginia 0
TOP OF THE 8TH
Thunder Bay Northern Lions BC batting - Pitching for Northern Virginia Retrievers : RHP David Hudson
Batting: RHB Keith Fish 0-0: Ball
1-0: Foul Ball, location: 2F
1-1: Swinging Strike
1-2: Strikes out swinging
Batting: LHB David Smith 0-0: Fly out, F9 (Flyball, 9S)
Batting: RHB Wilfred McLaughlin 0-0: Called Strike
0-1: Ball
1-1: Called Strike
1-2: SINGLE (Groundball, 56D)
Batting: LHB John Brewer 0-0: Called Strike
0-1: Ball
1-1: Called Strike
1-2: Ball
2-2: Foul Ball, location: 2F
2-2: Ball
3-2: Strikes out swinging
Top of the 8th over - 0 run(s), 1 hit(s), 0 error(s), 1 left on base; Thunder Bay 6 - Northern Virginia 0
BOTTOM OF THE 8TH
Northern Virginia Retrievers batting - Pitching for Thunder Bay Northern Lions BC : RHP Mauro Guerra
Batting: LHB Munemori Ohara 0-0: Called Strike
0-1: Foul Ball, location: 2F
0-2: SINGLE (Groundball, 34D)
Batting: LHB Marlon Randall 0-0: Ball
1-0: Foul Ball, location: 2F
1-1: Ball
2-1: Foul Ball, location: 2F
2-2: Ball
3-2: Base on Balls
Munemori Ohara to second
Batting: RHB Brett Callison 0-0: Ball
1-0: Ball
2-0: Ball
3-0: Base on Balls
Munemori Ohara to third
Marlon Randall to second
Batting: LHB Roberto Sánchez 0-0: Called Strike
0-1: Ball
1-1: Ball
2-1: Ball
3-1: Fly out, F2 (Popup, 23)
Pitching: RHP Bill Lee
Batting: LHB Francisco Ornelas 0-0: Fly out, F4 (Popup, 4D)
Batting: RHB Alfredo Pizarro 0-0: Called Strike
0-1: Ball
1-1: Fielders Choice at 2nd, 6-4 (Groundball, 6)
Bottom of the 8th over - 0 run(s), 1 hit(s), 0 error(s), 2 left on base; Thunder Bay 6 - Northern Virginia 0
TOP OF THE 9TH
Thunder Bay Northern Lions BC batting - Pitching for Northern Virginia Retrievers : RHP David Hudson
Batting: RHB Henry Womack 0-0: Called Strike
0-1: Swinging Strike
0-2: Ball
1-2: Strikes out swinging
Batting: RHB Sean MacKnight 0-0: Fly out, F2 (Popup, 2L)
Batting: RHB Kenzaburo Hori 0-0: Foul Ball, location: 2F
0-1: Ball
1-1: Called Strike
1-2: Ball
2-2: Strikes out swinging
Top of the 9th over - 0 run(s), 0 hit(s), 0 error(s), 0 left on base; Thunder Bay 6 - Northern Virginia 0
BOTTOM OF THE 9TH
Northern Virginia Retrievers batting - Pitching for Thunder Bay Northern Lions BC : RHP Bill Lee
Batting: RHB Ju-chan Pak 0-0: Foul Ball, location: 2F
0-1: Called Strike
0-2: Ball
1-2: Strikes out swinging
Batting: LHB Chris Etheridge 0-0: Ball
1-0: Foul Ball, location: 2F
1-1: Called Strike
1-2: Foul Ball, location: 2F
1-2: Strikes out swinging
Batting: RHB Miguel Cruz 0-0: Ball
1-0: Ground out 6-3 (Groundball, 6)
Bottom of the 9th over - 0 run(s), 0 hit(s), 0 error(s), 0 left on base; Thunder Bay 6 - Northern Virginia 0
Monday, March 20th, 2017 - OOTP Baseball 17.12 Build 75